 Dungeon Crawl Stone Soup version 0.30-a0-757-ga6a79fd877 (webtiles) character file.

Game seed: 9449642910959708167

7758 lunkers the Basher (level 11, -2/95 HPs)
             Began as a Meteoran Fighter on Feb 9, 2023.
             Was a Priest of the Shining One.
             Slain by an orc warrior
             ... wielding a +3 glaive
              (15 damage)
             ... in a bailey.
             The game lasted 00:15:27 (4946 turns).

lunkers the Basher (Meteoran Fighter)               Turns: 4946, Time: 00:15:27

Health: -2/95      AC: 13    Str: 19    XL:     11   Next: 70%
Magic:  16/16      EV: 16    Int: 10    God:    the Shining One [***...]
Gold:   348        SH: 10    Dex: 17    Spells: 10/10 levels left

rFire   . . .      SeeInvis .    a - +6 flail (freeze)
rCold   + + .      Faith    .    c - +0 buckler
rNeg    + . .      Spirit   .    y - +3 leather armour
rPois   .          Reflect  +    w - +0 helmet
rElec   .          Harm     .    o - +0 cloak
rCorr   .          Rampage  .    h - +1 pair of gloves
Will    +....                    l - +0 pair of boots
Stlth   +                        C - amulet of reflection
HPRegen 0.35/turn                r - ring of protection from cold
MPRegen 0.15/turn                A - ring of protection from cold

@: glowing, studying Shields
A: sense surroundings 2, otherworldly, glowing, explore regen
a: Renounce Religion, Divine Shield, Cleansing Flame


You were in a bailey.
You worshipped the Shining One.
The Shining One was most pleased with you.
You visited 2 branches of the dungeon, and saw 10 of its levels.
You also visited: Sewer, Ossuary and Bailey.

You collected 348 gold pieces.

Inventory:

Hand Weapons
 a - a +6 flail of freezing (weapon)
 q - a +0 long sword
 F - a +3 morningstar
Armour
 b - a +0 scale mail
 c - a +0 buckler (worn)
 h - a +1 pair of gloves (worn)
 k - an orb of mayhem
 l - a +0 pair of boots (worn)
 n - +0 steam dragon scales
 o - a +0 cloak (worn)
 w - a +0 helmet (worn)
 y - a +3 leather armour (worn)
Jewellery
 r - a ring of protection from cold (left hand)
 A - a ring of protection from cold (right hand)
 C - an amulet of reflection (around neck)
Wands
 t - a wand of polymorph (22)
 u - a wand of paralysis (2)
 E - a wand of flame (22)
Scrolls
 d - 2 scrolls of poison
 g - 4 scrolls of identify
 i - 3 scrolls of enchant weapon
 m - 2 scrolls of amnesia
 p - 3 scrolls of enchant armour
 s - a scroll of magic mapping
 D - 3 scrolls of teleportation
Potions
 e - 2 potions of magic
 f - 7 potions of curing
 j - 5 potions of cancellation
 v - 2 potions of invisibility
 x - 5 potions of flight
 z - 2 potions of brilliance
 B - a potion of might
Miscellaneous
 G - a lightning rod (4/4)


   Skills:
 + Level 8.3 Fighting
 - Level 5.5 Long Blades
 - Level 14.0 Maces & Flails
 + Level 6.9 Armour
 + Level 8.0 Dodging
 - Level 3.6 Shields
 - Level 6.0 Invocations
 - Level 4.0 Evocations


You had 10 spell levels left.
You didn't know any spells.
Your spell library contained the following spells:

 Spells                   Type           Power      Damage    Failure   Level
 Apportation              Tloc           0%         N/A       50%         1
 Necrotise                Necr           0%         1d4       50%         1
 Summon Small Mammal      Summ           0%         N/A       50%         1
 Kindle Blastsparks       Fire/Tloc/Air  0%         2d10      86%         3
 Tukima's Dance           Hex            0%         N/A       86%         3
 Fulminant Prism          Conj/Hex       0%         3d5       99%         4
 Iskenderun's Mystic Bla  Conj/Tloc      0%         2d3       99%         4
 Passage of Golubria      Tloc           0%         N/A       99%         4
 Lee's Rapid Deconstruct  Erth           0%         3d4*      100%        5
 Yara's Violent Unravell  Hex/Tmut       0%         3d3       100%        5


Dungeon Overview and Level Annotations

Branches:
Dungeon (9/15) Zot: 1546   Temple (1/1) D:5 Zot: 507   Sewer (visited)
Ossuary (visited)          Bailey (1/1) Zot: 333
   Lair: D:8-11         Orc: D:9-12

Altars:
Cheibriados
Dithmenos
Elyvilon
Fedhas
Gozag
Hepliaklqana
Kikubaaqudgha
Nemelex Xobeh
Okawaru
Qazlal
Ru
Trog
Uskayaw
Vehumet
Wu Jian
Xom
Yredelemnul
Zin
The Shining One


Innate Abilities, Weirdness & Mutations

You passively map the area around you.
You are easily found by Zot.
You glow in the dark.
You regain HP and MP as you explore.


Message History

The orc knight is moderately wounded.
You sock the orc knight! You freeze the orc knight.
The orc knight is severely wounded.
The orc warrior barely misses you. The orc warrior misses you.
The orc knight roars a battlecry!
The orc warriors go into a battle-frenzy!
You block the orc warrior's attack.
You sock the orc knight! You freeze the orc knight.
The orc knight is almost dead.
You block the orc warrior's attack. x2
The orc knight hits you with a +0 bardiche!
You block the orc warrior's attack.
You hit the orc knight. You freeze the orc knight.
You kill the orc knight!
Your Dodging skill increases to level 8!
You hit the orc warrior. You freeze the orc warrior.
The orc warrior is moderately wounded.
The orc warrior closely misses you. You block the orc warrior's attack.
The orc warrior hits you from afar with a +0 halberd!
You hit the orc warrior. You freeze the orc warrior.
The orc warrior is heavily wounded.
The orc warrior hits you with a +3 glaive!
* * * LOW HITPOINT WARNING * * *
The orc warrior hits you with a +0 spear!
* * * LOW HITPOINT WARNING * * *
The orc warrior hits you from afar with a +0 halberd!!
* * * LOW HITPOINT WARNING * * *
Unknown command.
You closely miss the orc warrior.
The orc warrior is heavily wounded.
The orc warrior misses you. The orc warrior closely misses you.
You block the orc warrior's attack.
Unknown command.
The orc warrior attacks as you move away!
The orc warrior hits you but does no damage.
You block the orc warrior's attack. x2
There is a gate leading back out of this place here.
Okay, then.
The orc warrior hits you from afar with a +3 glaive!
You die...

...≈≈###≈≈~~~~~~~~~~~~~~~≈≈###≈≈.
...≈##.##≈~~~~~~~~~~~~~~~≈##.##≈.
...≈#....~~~~~~~~~~~~~~~~~.)..#≈.
...≈##.∩#≈~~~~~~~~~~~~~~~≈#∩.##≈.
...≈≈#.##≈~~~~#######~~~~≈##.#≈≈.
...~≈≈~≈≈≈~~~~##~~~~##~~~≈≈≈~≈≈~.
...~~)~~~~~~~~##~~~~~##~~~~~~~~~.
...)~~~~~~~~~~##'''#~~##~~~~~~~~.
...~~~~~~~##~~##@.∩##~~#~~~~~~~~.
...~~~~~~~##~####'####~##~~~~~~~.
...~~~~~~~##~')#)oo#)'~##~~~~~~~.
...~~~~~~~##~###._.###~##~~~~~~~.
...~~~~~~~##~')#!.)#)'~##~~~~~~~.
...~~~~~~~##~#########~##~~~~~~~.
...~~~~~~~~#~~##)#)##~~#~~~~~~~~.
...~~~~~~~~##~~#'#'#~~##~~~~~~~~.
...~~~~~~~~~##~~~~~~~##~~~~~~~~~.


You could see 2 orc warriors.

Vanquished Creatures
  Erolcha (D:9)
  2 centaur warriors (D:8)
  Pikel (D:6)
  An orc knight (Bailey)
  Maggie (D:6)
  Prince Ribbit (D:5)
  A hornet (D:8)
  3 yaks (D:9)
  Menkaure (D:4)
  4 water moccasins
  A black bear (D:8)
  A sky beast (D:8)
  10 orc warriors
  A lemure (D:6)
  A centaur (D:8)
  A kobold brigand (D:8)
  10 scorpions
  2 necrophages (D:5)
  4 wights (D:8)
  A howler monkey (D:5)
  2 human zombies (Ossuary)
  5 orc priests
  Crazy Yiuf (D:2)
  2 hounds (D:5)
  2 gnoll boudas (D:8)
  3 iguanas
  Ijyb (D:3)
  8 orc wizards
  6 scorpion zombies (Ossuary)
  Terence (D:2)
  4 mummies
  7 gnolls (D:8)
  14 adders
  6 river rats (Sewer)
  An ufetubus (D:4)
  A worm (Sewer)
  A dart slug (D:1)
  27 orcs
  12 bats
  7 endoplasms
  3 giant cockroaches
  2 gnoll zombies (Ossuary)
  4 goblins
  6 hobgoblins
  13 jackals
  6 kobolds
  7 quokkas
  16 ball pythons
  2 frilled lizards
  3 goblin zombies (Ossuary)
  6 hobgoblin zombies (Ossuary)
  A kobold zombie (Ossuary)
  4 orc zombies (Ossuary)
  3 rats
235 creatures vanquished.

Vanquished Creatures (others)
  An orc wizard (D:5)
  A fungus (D:2)
  A plant (D:2)
3 creatures vanquished.

Grand Total: 238 creatures vanquished

Notes
Turn   | Place    | Note
-------+----------+-------------------------------------------
     0 | D:1      | lunkers the Meteoran Fighter began the quest for the Orb.
     0 | D:1      | Reached XP level 1. HP: 19/19 MP: 2/2
    52 | D:1      | Reached XP level 2. HP: 26/26 MP: 3/3
   203 | D:1      | Reached XP level 3. HP: 31/31 MP: 4/4
   509 | D:2      | Found a runed translucent door.
   510 | D:2      | Noticed Crazy Yiuf
   518 | D:2      | Killed Crazy Yiuf
   519 | D:2      | Reached skill level 5 in Long Blades
   519 | D:2      | Reached XP level 4. HP: 38/38 MP: 5/5
   570 | D:2      | Noticed Terence
   573 | D:2      | Killed Terence
   574 | D:2      | Reached XP level 5. HP: 45/45 MP: 6/6
   678 | D:2      | Reached skill level 1 in Maces & Flails
   872 | D:2      | Reached skill level 2 in Maces & Flails
   963 | D:3      | Noticed Ijyb
   977 | D:3      | Killed Ijyb
   978 | D:3      | Reached skill level 3 in Maces & Flails
  1217 | D:3      | Reached XP level 6. HP: 51/51 MP: 7/7
  1310 | D:3      | Reached skill level 4 in Maces & Flails
  1412 | D:3      | Found a glowing drain.
  1417 | Sewer    | Entered a sewer
  1623 | Sewer    | Reached skill level 5 in Maces & Flails
  1749 | Sewer    | Reached XP level 7. HP: 31/57 MP: 8/8
  1813 | Sewer    | Reached skill level 6 in Maces & Flails
  1822 | Sewer    | Glimpsed the power of Zot.
  1872 | Sewer    | Glimpsed the power of Zot.
  2252 | D:4      | Reached skill level 7 in Maces & Flails
  2293 | D:4      | Noticed Menkaure
  2297 | D:4      | Found a shadowy altar of Dithmenos.
  2316 | D:4      | Reached skill level 8 in Maces & Flails
  2381 | D:4      | Killed Menkaure
  2382 | D:4      | Reached XP level 8. HP: 26/63 MP: 9/9
  2531 | D:5      | Entered Level 5 of the Dungeon
  2531 | D:5      | Noticed Prince Ribbit
  2557 | D:5      | Killed Prince Ribbit
  2558 | D:5      | Reached skill level 10 in Maces & Flails
  2670 | D:5      | Reached skill level 11 in Maces & Flails
  2672 | D:5      | Found a staircase to the Ecumenical Temple.
  2680 | Temple   | Entered the Ecumenical Temple
  2762 | Temple   | Became a worshipper of the Shining One
  2810 | D:5      | Gained mutation: You passively map the area around you.
                  | [Meteoran growth]
  2810 | D:5      | Reached XP level 9. HP: 70/70 MP: 10/10
  2871 | D:5      | Reached skill level 1 in Evocations
  2975 | D:6      | Reached skill level 1 in Dodging
  3002 | D:6      | Noticed Pikel
  3002 | D:6      | Noticed Maggie
  3016 | D:6      | Paralysed by Pikel for 2 turns
  3019 | D:6      | Killed Pikel
  3047 | D:6      | Killed Maggie
  3048 | D:6      | Reached skill level 5 in Armour
  3520 | D:7      | Reached skill level 5 in Fighting
  3520 | D:7      | Reached skill level 12 in Maces & Flails
  3520 | D:7      | Reached XP level 10. HP: 55/81 MP: 11/11
  3606 | D:7      | You fall into a shaft and drop 1 floor!
  3692 | D:8      | Noticed a centaur warrior
  3698 | D:8      | Reached * piety under the Shining One
  3724 | D:8      | Killed a centaur warrior
  3725 | D:8      | Reached skill level 5 in Dodging
  3834 | D:8      | Found a large runed translucent door.
  3834 | D:8      | Found a large runed translucent door.
  3854 | D:8      | Reached skill level 13 in Maces & Flails
  3895 | D:8      | Found a bloodstained altar of Trog.
  3935 | D:8      | Found a sand-covered staircase.
  3945 | Ossuary  | Entered an ossuary
  3963 | Ossuary  | Reached skill level 1 in Invocations
  4010 | Ossuary  | Reached ** piety under the Shining One
  4110 | Ossuary  | Reached *** piety under the Shining One
  4344 | D:8      | Reached XP level 11. HP: 92/92 MP: 14/14
  4466 | D:8      | Noticed a centaur warrior
  4477 | D:8      | Killed a centaur warrior
  4578 | D:8      | Found a hide-covered altar of Uskayaw.
  4587 | D:8      | Found a blossoming altar of Fedhas.
  4638 | D:9      | Noticed Erolcha
  4641 | D:9      | Killed Erolcha
  4642 | D:9      | Reached skill level 5 in Invocations
  4688 | D:9      | Found a sacrificial altar of Ru.
  4694 | D:9      | Found a flagged portal.
  4708 | Bailey   | Entered a bailey
  4922 | Bailey   | Reached skill level 14 in Maces & Flails
  4935 | Bailey   | Noticed an orc knight
  4941 | Bailey   | Killed an orc knight
  4946 | Bailey   | Slain by an orc warrior

Illustrated notes

Levels and vault maps discovered:
D:1:      shiori_arrival_elements, layout_basic, minmay_distorted
D:2:      layout_basic, chequers_ecumenical_altar_lobes,
          uniq_crazy_yiuf_cottage, uniq_terence
D:3:      layout_loops_cross, portal_sewer_entry_e, uniq_ijyb
D:4:      layout_basic, nicolae_dithmenos_shadow_blocks, uniq_menkaure
D:5:      layout_rooms, minmay_temple_entry_tees, minmay_crystal_water,
          st_stairs_7, uniq_prince_ribbit1
D:6:      layout_rooms, kennysheep_donut, minmay_misc_feat_iff,
          roderic_serpentine_path, uniq_maggie, uniq_grinder, uniq_pikel
D:7:      layout_cave_pods, mainiacjoe_overflow_alcove_4, serial_shops,
          nicolae_shop_behind_doors, chequers_serial_rivers_small_3,
          minmay_a_box_with_orc_wizards_in_it
D:8:      minmay_diamond_stairs, layout_loops_cross, jmf_multi_god_temple2,
          trog_book, gup_ossuary_entry_pyramid, uniq_gastronok
D:9:      minmay_shrinking_squares, layout_basic, bloody_makhleb,
          general_overflow_altar, enter_bailey_2, grunt_decor_one_mirror,
          dreamdust_wishing_well, chequers_jeans, uniq_joseph, uniq_erolcha
Temple:   nicolae_temple_great_sept
Bailey:   bailey_polearm_2, bailey

Skill      XL: |  1  2  3  4  5  6  7  8  9 10 11 |
---------------+----------------------------------+-----
Long Blades    | 3 5 |  5.5
Maces & Flails | 3 5 8 11 12 13 14 | 14.0
Evocations     | 4 |  4.0
Dodging        | 3 6 8 |  8.0
Armour         | 5 6 |  6.9
Fighting       | 5 7 8 |  8.3
Invocations    | 3 6 |  6.0
Shields        | |  3.6

Action                     |  1- 3 |  4- 6 |  7- 9 | 10-12 || total
---------------------------+-------+-------+-------+-------++-------
  Melee: Long sword        |    81 |     3 |       |       ||    84
         Flail             |       |   158 |   192 |   270 ||   620
 Invoke: Divine Shield     |       |       |       |     2 ||     2
  Evoke: Wand              |       |       |       |     3 ||     3
    Use: Potion            |       |     1 |     4 |       ||     5
         Scroll            |       |       |    21 |     2 ||    23
 Armour: Scale mail        |    34 |   127 |    89 |       ||   250
         Skin              |       |    22 |       |       ||    22
         Steam dragon scal |       |       |    12 |       ||    12
         Leather armour    |       |       |       |    56 ||    56
  Dodge: Dodged            |    19 |    67 |    51 |   105 ||   242
  Block: Buckler           |    17 |    44 |    52 |    88 ||   201
         Reflection        |       |       |       |    11 ||    11

Table legend: (Time is in decaauts)
 A = Elapsed time spent in this place.
 B = Non-inter-level travel time spent in this place.
 C = Inter-level travel time spent in this place.
 D = Time resting spent in this place.
 E = Time spent auto-exploring this place.
 F = Levels seen in this place.
 G = Mean time per level.
                   A        B        C        D        E       F      G
               +--------+--------+--------+--------+--------+-----+--------+
         Total |   5053 |   4465 |    588 |      0 |   2720 |  13 |  388.7 |
       Dungeon |   3853 |   3275 |    578 |      0 |   2150 |   9 |  428.1 |
        Temple |     92 |     82 |     10 |      0 |     56 |   1 |   92.0 |
         Sewer |    552 |    552 |      0 |      0 |    253 |   1 |  552.0 |
       Ossuary |    289 |    289 |      0 |      0 |    117 |   1 |  289.0 |
        Bailey |    265 |    265 |      0 |      0 |    143 |   1 |  265.0 |
               +--------+--------+--------+--------+--------+-----+--------+

Top non-repeatable levels by time:
     D:8: 706 daAuts
     D:3: 632 daAuts
     D:4: 597 daAuts
     D:2: 582 daAuts
   Sewer: 552 daAuts
     D:6: 408 daAuts
     D:1: 392 daAuts
     D:5: 363 daAuts
 Ossuary: 289 daAuts
  Bailey: 265 daAuts
     D:7: 103 daAuts
  Temple: 92 daAuts
     D:9: 66 daAuts
